3AAA
HIALEAH DODOS @ BRINKLEY BELUGAS
09/16/2019
 
TOP OF THE 1ST
Hialeah Dodos batting - Pitching for Brinkley Belugas : LHP Miguel Angel Gómez
Pitching: LHP Miguel Angel Gómez
Batting: RHB Herman Cook 0-0: Ball
1-0: Foul Ball, location: 2F
1-1: Swinging Strike
1-2: SOLO HOME RUN (Line Drive, 7D), Distance : 404 ft
Batting: RHB Alvin Rogers 0-0: Foul Ball, location: 2F
0-1: Fly out, F8 (Flyball, 8LM)
Batting: RHB Joe Andrews 0-0: Called Strike
0-1: Foul Ball, location: 2F
0-2: Ball
1-2: Strikes out swinging
Batting: RHB Ramón Gómez 0-0: Ball
1-0: Called Strike
1-1: DOUBLE (Flyball, 89D)
Batting: RHB Kelly Flint 0-0: Ball
1-0: Called Strike
1-1: Called Strike
1-2: Ground out 5-3 (Groundball, 56)
Top of the 1st over - 1 run(s), 2 hit(s), 0 error(s), 1 left on base; Hialeah 1 - Brinkley 0
BOTTOM OF THE 1ST
Brinkley Belugas batting - Pitching for Hialeah Dodos : LHP Dan Mitchell
Pitching: LHP Dan Mitchell
Batting: RHB Dan Mendoza 0-0: Ball
1-0: Called Strike
1-1: Foul Ball, location: 2F
1-2: Strikes out swinging
Batting: SHB Edgar Cantú 0-0: Ball
1-0: Ball
2-0: Swinging Strike
2-1: Fly out, F4 (Popup, 3D)
Batting: SHB Ted Beck 0-0: Fly out, F7 (Flyball, 78D)
Bottom of the 1st over - 0 run(s), 0 hit(s), 0 error(s), 0 left on base; Hialeah 1 - Brinkley 0
TOP OF THE 2ND
Hialeah Dodos batting - Pitching for Brinkley Belugas : LHP Miguel Angel Gómez
Batting: LHB Jeremiah Spencer 0-0: Called Strike
0-1: Fly out, F5 (Popup, 5F)
Batting: RHB Peter Baker 0-0: Called Strike
0-1: Ball
1-1: Called Strike
1-2: Ground out 4-3 (Groundball, 4)
Batting: RHB Ed Lee 0-0: Foul Ball, location: 2F
0-1: Swinging Strike
0-2: Strikes out swinging
Top of the 2nd over - 0 run(s), 0 hit(s), 0 error(s), 0 left on base; Hialeah 1 - Brinkley 0
BOTTOM OF THE 2ND
Brinkley Belugas batting - Pitching for Hialeah Dodos : LHP Dan Mitchell
Batting: RHB Barry Dempsey 0-0: Ground out 5-3 (Groundball, 5L)
Batting: RHB Michael Collins 0-0: Ball
1-0: Ball
2-0: Called Strike
2-1: Foul Ball, location: 2F
2-2: SINGLE (Line Drive, 8RS)
Batting: LHB Patrick Larson 0-0: Ball
1-0: Foul Ball, location: 2F
1-1: SINGLE (Groundball, 34D)
Michael Collins to second
Runner from 2nd tries for 3rd, SAFE, throw made to third
Batting: LHB Arturo Acosta 0-0: Ball
1-0: Swinging Strike
1-1: Ball
2-1: Foul Ball, location: 2F
2-2: Strikes out looking
Batting: RHB José Romero 0-0: Foul Ball, location: 2F
0-1: Ball
1-1: Called Strike
1-2: Ball
2-2: SINGLE (Line Drive, 5L)
Michael Collins scores
Patrick Larson to second
Batting: RHB Chad Graham 0-0: Ball
1-0: Ground out 5-3 (Groundball, 5L)
Bottom of the 2nd over - 1 run(s), 3 hit(s), 0 error(s), 2 left on base; Hialeah 1 - Brinkley 1
TOP OF THE 3RD
Hialeah Dodos batting - Pitching for Brinkley Belugas : LHP Miguel Angel Gómez
Batting: LHB José Alvia 0-0: Called Strike
0-1: Ball
1-1: SINGLE (Groundball, 34D)
Batting: RHB Herman Cook 0-0: Ball
1-0: Called Strike
1-1: Ball
2-1: DOUBLE (Line Drive, 8LXD)
José Alvia to third
Batting: RHB Alvin Rogers 0-0: Ball
1-0: Ball
2-0: Called Strike
2-1: SINGLE (Groundball, 4M)
José Alvia scores
Herman Cook to third
Runner from 3rd tries for Home, throw and OUT!
Alvin Rogers to second
Batting: RHB Joe Andrews 0-0: Ball
1-0: Ball
2-0: Ball
3-0: Base on Balls
Batting: RHB Ramón Gómez 0-0: Called Strike
0-1: Called Strike
0-2: Foul Ball, location: 2F
0-2: Ball
1-2: Strikes out swinging
Batting: RHB Kelly Flint 0-0: SINGLE (Groundball, 5D)
Alvin Rogers to third
Joe Andrews to second
Runner from 3rd tries for Home, SAFE, no throw or cutoff
Batting: LHB Jeremiah Spencer 0-0: Called Strike
0-1: Ball
1-1: Swinging Strike
1-2: Ball
2-2: Foul Ball, location: 2F
2-2: Ball
3-2: Fly out, F7 (Flyball, 7LD)
Top of the 3rd over - 2 run(s), 4 hit(s), 0 error(s), 2 left on base; Hialeah 3 - Brinkley 1
BOTTOM OF THE 3RD
Brinkley Belugas batting - Pitching for Hialeah Dodos : LHP Dan Mitchell
Batting: RHB Dan Mendoza 0-0: Ball
1-0: Ball
2-0: Ball
3-0: Called Strike
3-1: SINGLE (Flyball, 8LS)
Batting: SHB Edgar Cantú 0-0: Called Strike
0-1: Ball
1-1: Ball
2-1: DOUBLE (Flyball, 78M)
Dan Mendoza to third
Batting: SHB Ted Beck 0-0: Ball
1-0: Ball
2-0: Ball
3-0: Base on Balls
Batting: RHB Barry Dempsey 0-0: Ball
1-0: Reached on error, E1 (Groundball, 13S)
Dan Mendoza scores
Edgar Cantú to third
Ted Beck to second
Batting: RHB Michael Collins 0-0: Ball
1-0: Swinging Strike
1-1: Ball
2-1: Foul Ball, location: 2F
2-2: Grounds into double play, 4-6-3 (Groundball, 4)
Edgar Cantú scores
Ted Beck to third
Batting: LHB Patrick Larson 0-0: Ball
1-0: Ball
2-0: Ball
3-0: Called Strike
3-1: Base on Balls
Batting: LHB Arturo Acosta 0-0: Called Strike
0-1: Called Strike
0-2: Ball
1-2: Foul Ball, location: 2F
1-2: Foul Ball, location: 2F
1-2: Ball
2-2: Ball
3-2: SINGLE (Groundball, 6MD) (infield hit)
Ted Beck scores
Patrick Larson to second
Batting: RHB José Romero 0-0: Ball
1-0: Ball
2-0: Ball
3-0: Called Strike
3-1: Ground out 1-3 (Groundball, 25)
Bottom of the 3rd over - 3 run(s), 3 hit(s), 1 error(s), 2 left on base; Hialeah 3 - Brinkley 4
TOP OF THE 4TH
Hialeah Dodos batting - Pitching for Brinkley Belugas : LHP Miguel Angel Gómez
Batting: RHB Peter Baker 0-0: Ball
1-0: Foul Ball, location: 2F
1-1: Ground out 6-3 (Groundball, 56)
Batting: RHB Ed Lee 0-0: Ground out 6-3 (Groundball, 6)
Batting: LHB José Alvia 0-0: Called Strike
0-1: Called Strike
0-2: Foul Ball, location: 2F
0-2: Ball
1-2: Strikes out swinging
Top of the 4th over - 0 run(s), 0 hit(s), 0 error(s), 0 left on base; Hialeah 3 - Brinkley 4
BOTTOM OF THE 4TH
Brinkley Belugas batting - Pitching for Hialeah Dodos : LHP Dan Mitchell
Batting: RHB Chad Graham 0-0: Ball
1-0: Foul Ball, location: 2F
1-1: Ball
2-1: SINGLE (Line Drive, 6D)
Batting: RHB Dan Mendoza 0-0: Ball
1-0: Called Strike
1-1: SINGLE (Groundball, 34D)
Chad Graham to second
Throwing error, E9
Chad Graham scores
Dan Mendoza to second
Pitching: RHP Gary Williams
Batting: SHB Edgar Cantú 0-0: Called Strike
0-1: Foul Ball, location: 2F
0-2: Ball
1-2: Strikes out swinging
Batting: SHB Ted Beck 0-0: Ball
1-0: Swinging Strike
1-1: Called Strike
1-2: Foul Ball, location: 2F
1-2: Foul Ball, location: 2F
1-2: Ball
2-2: Ball
Wild Pitch!
Dan Mendoza to third
3-2: Base on Balls
Batting: RHB Barry Dempsey 0-0: Ball
1-0: Grounds into double play, 6-4-3 (Groundball, 6)
Bottom of the 4th over - 1 run(s), 2 hit(s), 1 error(s), 1 left on base; Hialeah 3 - Brinkley 5
TOP OF THE 5TH
Hialeah Dodos batting - Pitching for Brinkley Belugas : LHP Miguel Angel Gómez
Batting: RHB Herman Cook 0-0: Ball
1-0: Ball
2-0: Fly out, F9 (Popup, 3D)
Batting: RHB Alvin Rogers 0-0: Fly out, F9 (Flyball, 9LS)
Batting: RHB Joe Andrews 0-0: Ball
1-0: Called Strike
1-1: Ball
2-1: Ball
3-1: Base on Balls
Batting: RHB Ramón Gómez 0-0: Ball
1-0: 2-RUN HOME RUN (Flyball, 78XD), Distance : 429 ft
Batting: RHB Kelly Flint 0-0: Ball
1-0: Ground out 5-3 (Groundball, 5S)
Top of the 5th over - 2 run(s), 1 hit(s), 0 error(s), 0 left on base; Hialeah 5 - Brinkley 5
BOTTOM OF THE 5TH
Brinkley Belugas batting - Pitching for Hialeah Dodos : RHP Gary Williams
Batting: RHB Michael Collins 0-0: Called Strike
0-1: Foul Ball, location: 2F
0-2: Ball
Single, Error in OF, E8, batter to second base
Batting: LHB Patrick Larson 0-0: Ground out 4-3 (Groundball, 4)
Michael Collins to third
Batting: LHB Arturo Acosta 0-0: Ball
1-0: 2-RUN HOME RUN (Line Drive, 89XD), Distance : 434 ft
Batting: RHB José Romero 0-0: Called Strike
0-1: Ball
1-1: Swinging Strike
1-2: Foul Ball, location: 2F
1-2: Foul Ball, location: 2F
1-2: Strikes out looking
Batting: RHB Chad Graham 0-0: Ball
1-0: SINGLE (Line Drive, 78S)
Batting: RHB Dan Mendoza 0-0: Fly out, F7 (Flyball, 78D)
Bottom of the 5th over - 2 run(s), 3 hit(s), 1 error(s), 1 left on base; Hialeah 5 - Brinkley 7
TOP OF THE 6TH
Hialeah Dodos batting - Pitching for Brinkley Belugas : LHP Miguel Angel Gómez
Batting: LHB Jeremiah Spencer 0-0: Ball
1-0: Ball
2-0: Foul Ball, location: 2F
2-1: SINGLE (Groundball, 6M) (infield hit)
Batting: RHB Peter Baker 0-0: Ball
1-0: Bunted foul
1-1: Bunted foul
1-2: Grounds into double play, 5-4-3 (Groundball, 56)
Batting: RHB Ed Lee 0-0: Foul Ball, location: 2F
0-1: Foul Ball, location: 2F
0-2: Ball
1-2: Hit by Pitch
Batting: LHB José Alvia 0-0: Ball
1-0: Ball
2-0: Ball
3-0: Called Strike
3-1: SINGLE (Line Drive, 4MD)
Ed Lee to second
Batting: RHB Herman Cook 0-0: Called Strike
0-1: Foul Ball, location: 2F
0-2: Fly out, F8 (Line Drive, 8RD)
Top of the 6th over - 0 run(s), 2 hit(s), 0 error(s), 2 left on base; Hialeah 5 - Brinkley 7
BOTTOM OF THE 6TH
Brinkley Belugas batting - Pitching for Hialeah Dodos : RHP Gary Williams
Pitching: RHP Clarence Lee
Batting: SHB Edgar Cantú 0-0: Swinging Strike
0-1: Ball
1-1: Fly out, F5 (Popup, 56)
Batting: SHB Ted Beck 0-0: Called Strike
0-1: Ground out 1-3 (Groundball, 13S)
Batting: RHB Barry Dempsey 0-0: Called Strike
0-1: Foul Ball, location: 2F
0-2: Ground out 5-3 (Groundball, 56)
Bottom of the 6th over - 0 run(s), 0 hit(s), 0 error(s), 0 left on base; Hialeah 5 - Brinkley 7
TOP OF THE 7TH
Hialeah Dodos batting - Pitching for Brinkley Belugas : LHP Miguel Angel Gómez
Batting: RHB Alvin Rogers 0-0: Called Strike
0-1: Foul Ball, location: 2F
0-2: SINGLE (Groundball, 4MD)
Batting: RHB Joe Andrews 0-0: Ball
1-0: Called Strike
1-1: Ball
2-1: Swinging Strike
2-2: Ball
3-2: 2-RUN HOME RUN (Flyball, 8RXD), Distance : 438 ft
Pitching: RHP Melvin González
Batting: RHB Ramón Gómez 0-0: Foul Ball, location: 2F
0-1: Ball
1-1: Ground out 6-3 (Groundball, 6MD)
Batting: RHB Kelly Flint 0-0: Called Strike
0-1: Swinging Strike
0-2: Ball
1-2: Foul Ball, location: 2F
1-2: Strikes out looking
Batting: LHB Jeremiah Spencer 0-0: Called Strike
0-1: Swinging Strike
0-2: Ball
1-2: Ball
2-2: Ball
3-2: Strikes out looking
Top of the 7th over - 2 run(s), 2 hit(s), 0 error(s), 0 left on base; Hialeah 7 - Brinkley 7
BOTTOM OF THE 7TH
Brinkley Belugas batting - Pitching for Hialeah Dodos : RHP Clarence Lee
Pinch Hitting: RHB Kyle Myers 0-0: Called Strike
0-1: Ground out 6-3 (Groundball, 6)
Pitching: LHP Ben Flowers
Batting: LHB Patrick Larson 0-0: Called Strike
0-1: Ground out 1-3 (Groundball, 13S)
Pitching: RHP Keith Blanton
Batting: LHB Arturo Acosta 0-0: Ball
1-0: Swinging Strike
1-1: SINGLE (Groundball, 15) (infield hit)
Pinch Hitting: SHB Alfonso Torres 0-0: Fly out, F8 (Flyball, 8RXD)
Bottom of the 7th over - 0 run(s), 1 hit(s), 0 error(s), 1 left on base; Hialeah 7 - Brinkley 7
TOP OF THE 8TH
Hialeah Dodos batting - Pitching for Brinkley Belugas : RHP Melvin González
Now at 1B: Kyle Myers
Now in LF: Alfonso Torres
Pinch Hitting: SHB Daryl Moore 0-0: Ball
1-0: SOLO HOME RUN (Flyball, 89XD), Distance : 427 ft
Batting: RHB Ed Lee 0-0: Ball
1-0: SOLO HOME RUN (Flyball, 7D), Distance : 401 ft
Batting: LHB José Alvia 0-0: Called Strike
0-1: Ball
1-1: Swinging Strike
1-2: Strikes out swinging
Batting: RHB Herman Cook 0-0: Ball
1-0: Ball
2-0: Ball
3-0: Base on Balls
Batting: RHB Alvin Rogers 0-0: Ball
Herman Cook steals 2nd base
1-0: Called Strike
1-1: Ball
2-1: Ground out 3-4 (Groundball, 3S)
Herman Cook to third
Batting: RHB Joe Andrews 0-0: Ball
1-0: Swinging Strike
1-1: Ball
2-1: Swinging Strike
2-2: Strikes out swinging
Top of the 8th over - 2 run(s), 2 hit(s), 0 error(s), 1 left on base; Hialeah 9 - Brinkley 7
BOTTOM OF THE 8TH
Brinkley Belugas batting - Pitching for Hialeah Dodos : RHP Keith Blanton
Now at 3B: José Bravo
Batting: RHB Chad Graham 0-0: Called Strike
0-1: SINGLE (Groundball, 15S) (infield hit)
Batting: RHB Dan Mendoza 0-0: Called Strike
0-1: Fly out, F2 (Popup, 2RF)
Batting: SHB Edgar Cantú 0-0: Ball
1-0: Ground out U3 (Groundball, 3S)
Chad Graham to second
Batting: SHB Ted Beck 0-0: Called Strike
0-1: Ground out 3-1 (Groundball, 34)
Bottom of the 8th over - 0 run(s), 1 hit(s), 0 error(s), 1 left on base; Hialeah 9 - Brinkley 7
TOP OF THE 9TH
Hialeah Dodos batting - Pitching for Brinkley Belugas : RHP Melvin González
Pitching: LHP Dan Boyle
Batting: RHB Ramón Gómez 0-0: Foul Ball, location: 2F
0-1: Foul Ball, location: 2F
0-2: Strikes out swinging
Batting: RHB Kelly Flint 0-0: Called Strike
0-1: Ball
1-1: Ball
2-1: Swinging Strike
2-2: Foul Ball, location: 2F
2-2: Strikes out swinging
Batting: LHB Jeremiah Spencer 0-0: Ball
1-0: Ground out 5-3 (Groundball, 56)
Top of the 9th over - 0 run(s), 0 hit(s), 0 error(s), 0 left on base; Hialeah 9 - Brinkley 7
BOTTOM OF THE 9TH
Brinkley Belugas batting - Pitching for Hialeah Dodos : RHP Keith Blanton
Pitching: RHP Robinson Gonzáles
Batting: RHB Barry Dempsey 0-0: Foul Ball, location: 2F
0-1: Swinging Strike
0-2: Foul Ball, location: 2F
0-2: Ground out U3 (Groundball, 3L)
Batting: RHB Kyle Myers 0-0: Swinging Strike
0-1: Foul Ball, location: 2F
0-2: Ball
1-2: Ball
2-2: Ball
3-2: Foul Ball, location: 2F
3-2: Base on Balls
Batting: LHB Patrick Larson 0-0: Grounds into double play, 4-6-3 (Groundball, 4)
Bottom of the 9th over - 0 run(s), 0 hit(s), 0 error(s), 0 left on base; Hialeah 9 - Brinkley 7
This league is powered by Out of the Park Baseball, the baseball management simulation game for PC, Mac and Linux
Saturday, July 25th, 2015 - OOTP Baseball 15.6 Build 34